 Dungeon Crawl Stone Soup version 0.24-a0-699-g5a66b1aa3b (webtiles) character file.

Game seed: 3645023436238777158, levelgen mode: deterministic

100 Arixos the Grave Robber (level 4, -2/32 HPs)
             Began as a Mummy Necromancer on Sept 28, 2019.
             Slain by a goblin (5 damage)
             ... led by Robin
             ... on level 2 of the Dungeon on Sept 29, 2019.
             The game lasted 00:14:24 (1641 turns).

Arixos the Grave Robber (Mummy Necromancer)         Turns: 1641, Time: 00:14:25

Health: -2/32      AC:  5    Str: 11    XL:     4   Next: 47%
Magic:  0/9        EV: 12    Int: 15    God:
Gold:   91         SH:  0    Dex: 12    Spells: 9/10 levels left

rFire    . . .     SeeInvis .   d - +0 dagger (speed)
rCold    + . .     Gourm    .   (no shield)
rNeg     + + +     Faith    .   j - +2 robe {rF+}
rPois    ∞         Spirit   .   i - +0 helmet
rElec    .         Reflect  .   (no cloak)
rCorr    .         Harm     .   (no gloves)
MR       .....                  (no boots)
Stlth    ++........             (no amulet)
HPRegen  0.10/turn              (no ring)
MPRegen  0.11/turn              (no ring)

@: no status effects
A: no food or potions, fire vulnerability, cold resistance 1, negative energy
resistance 3, torment resistance, unbreathing
a: no special abilities


You were on level 2 of the Dungeon.
You were not hungry.

You visited 1 branch of the dungeon, and saw 2 of its levels.

You collected 91 gold pieces.

Inventory:

Hand Weapons
 d - a +0 dagger of speed (weapon)
Armour
 a - a +0 robe
 h - a +0 helmet
 i - a +0 helmet (worn)
 j - a +2 robe of fire resistance (worn)
Scrolls
 b - a scroll of teleportation {unknown}
 c - a scroll of amnesia
 e - a scroll of enchant armour
 f - a scroll of fear {unknown}
 g - a scroll of fog {unknown}
 k - a scroll of magic mapping {unknown}


   Skills:
 + Level 1.6 Fighting
 + Level 2.2 Dodging
 + Level 2.3 Stealth
 + Level 3.5 Spellcasting
 + Level 4.4 Necromancy


You had 9 spell levels left.
You knew the following spells:

 Your Spells              Type           Power        Failure   Level  Hunger
a - Pain                  Necr           ###.         3%          1    N/A

Your spell library contained the following spells:

 Spells                   Type           Power        Failure   Level  Hunger
 Animate Skeleton         Necr           N/A          3%          1    N/A
 Vampiric Draining        Necr           ###.......   9%          3    N/A
 Animate Dead             Necr           N/A          30%         4    N/A
 Regeneration             Chrm/Necr      Unusable     N/A         3    N/A

Dungeon Overview and Level Annotations

Branches:
Dungeon (2/15)

Altars:

Annotations:
D:2 Robin


Innate Abilities, Weirdness & Mutations

You do not eat or drink.
Your flesh is vulnerable to fire.
You are immune to poison.
Your flesh is cold resistant. (rC+)
You are immune to negative energy. (rN+++)
You are immune to unholy pain and torment.
You can survive without breathing.


Message History

You hit the hobgoblin but do no damage.
The hobgoblin is heavily wounded.
Robin laughs in a distinctly smug fashion.
Robin throws the goblin at you!
* * * LOW HITPOINT WARNING * * *
The hobgoblin misses you. The goblin closely misses you.
You hit the hobgoblin.
You kill the hobgoblin!
You barely miss the goblin. The goblin hits you.
* * * LOW HITPOINT WARNING * * *
The goblin hits you but does no damage.
You hit the goblin.
The goblin is heavily wounded.
Robin closely misses you. The goblin hits you.
* * * LOW HITPOINT WARNING * * *
You hit the goblin.
You kill the goblin!
Robin closely misses you.
You barely miss the goblin. The goblin hits you.
You die...

#.#. #...<..# #
###.#.## #.....†##.#
......# #.#...#.#
....# #.......# #..#
#####...### #..#
#.....g##
#..####.####g# #
#..##...## #)# #
#........# #@#
#####........# #g#
.....!.......###.#
....#............#
##.###)......#####
.%....)......#
####...).....#
...#...##.####
###....##.############


You could see Robin, a hobgoblin and a goblin.

Vanquished Creatures
  Jessica (D:2)
  3 adders (D:2)
  A worm (D:2)
  2 giant cockroaches (D:1)
  9 hobgoblins
  A quokka (D:2)
  5 bats
  2 frilled lizards (D:2)
  13 goblins
  3 kobolds (D:1)
  2 rats (D:1)
42 creatures vanquished.

Notes
Turn   | Place    | Note
-------+----------+-------------------------------------------
     0 | D:1      | Arixos the Mummy Necromancer began the quest for the Orb.
     0 | D:1      | Reached XP level 1. HP: 13/13 MP: 4/4
   258 | D:1      | Reached XP level 2. HP: 20/20 MP: 2/5
  1007 | D:2      | Reached skill level 1 in Fighting
  1066 | D:2      | Reached XP level 3. HP: 26/26 MP: 4/7
  1482 | D:2      | Noticed Jessica
  1486 | D:2      | Killed Jessica
  1486 | D:2      | Reached XP level 4. HP: 32/32 MP: 3/9
  1594 | D:2      | Noticed Robin
  1641 | D:2      | Slain by a goblin

Levels and vault maps discovered:
D:1:      doesnt_arrival_eight_statues, layout_basic
D:2:      layout_loops_ring, minmay_pentomino_pile, uniq_jessica, uniq_robin

Skill      XL: |  1  2  3 |
---------------+----------+-----
Spellcasting   | 3 |  3.5
Fighting       | 1 |  1.6
Stealth        | 2 |  2.3
Dodging        | 2 |  2.2
Necromancy     | |  4.4

Action                   |  1- 3 |  4- 6 || total
-------------------------+-------+-------++-------
Melee: Dagger            |    24 |    34 ||    58
 Cast: Pain              |    49 |    15 ||    64
  Use: Scroll            |     3 |       ||     3
Armor: Robe              |     7 |     5 ||    12
Dodge: Dodged            |    24 |    22 ||    46

Table legend:
 A = Non-vault XP
 B = Vault XP
 C = Vault XP percentage of total XP
 D = Non-vault monster count
 E = Vault monster count
 F = Vault count percentage of total count
                 A         B        C        D         E       F
            +---------+---------+-------+---------+---------+-------
      Total |      68 |      76 |  52.8 |      27 |      15 |  35.7
            +---------+---------+-------+---------+---------+-------
        D:1 |      21 |       0 |   0.0 |      14 |       0 |   0.0
        D:2 |      47 |      76 |  61.8 |      13 |      15 |  53.6
            +---------+---------+-------+---------+---------+-------
